 Dungeon Crawl Stone Soup version 0.23.0-3-gf3c87f2 (webtiles) character file.

Game seed: 16794903987073204621

207552 Monsterracer the Imperceptible (level 17, -8/89 HPs)
             Began as a Spriggan Enchanter on Feb 23, 2019.
             Was the Champion of Ashenzari.
             Killed by the air
             ... invoked by a spriggan air mage
              (27 damage)
             ... on level 5 of the Depths.
             The game lasted 01:42:08 (37355 turns).

Monsterracer the Imperceptible (SpEn)              Turns: 37355, Time: 01:42:09

Health: -8/89      AC:  7    Str:  4    XL:     17   Next: 22%
Magic:  33/33      EV: 43    Int: 23    God:    Ashenzari [******]
Gold:   935        SH: 15    Dex: 22    Spells: 1/38 levels left

rFire    + . .     SeeInvis +   a - +9 dagger (venom) (curse)
rCold    + . .     Gourm    .   J - +1 buckler {rPois} (curse)
rNeg     . . .     Faith    .   N - +1 robe "Wuddycyi" {rC+ Dex+3} (curse)
rPois    +         Spirit   .   Q - +1 hat {MR+} (curse)
rElec    .         Reflect  +   p - +2 cloak (curse)
rCorr    .         Harm     .   (gloves unavailable)
MR       +++..     Clarity  +   (boots unavailable)
Stlth    +++++++++.             M - amulet "Xounyust" {Reflect Dex+2 SH+5} (curse)
HPRegen  0.24/turn              L - +2 ring of evasion (curse)
MPRegen  0.23/turn              F - ring of protection from fire (curse)

@: slightly contaminated, very quick
A: very small, unfitting armour, see invisible, herbivore, speed 3, slow
metabolism 2
}: 3/15 runes: barnacled, abyssal, gossamer
a: Curse Item, Scrying, Transfer Knowledge, Renounce Religion


You were on level 5 of the Depths.
You worshipped Ashenzari.
Ashenzari was exalted by your worship.
You were not hungry.

You visited 7 branches of the dungeon, and saw 37 of its levels.
You visited the Abyss 1 time.

You collected 2698 gold pieces.
You spent 1763 gold pieces at shops.


Innate Abilities, Weirdness & Mutations

You are very small and have problems with some larger weapons.
You are too small for most types of armour.
You have supernaturally acute eyesight. (SInv)
You are a herbivore.
You cover ground extremely quickly.
You need to consume almost no food.


   Skills:
 - Level 10.0 Fighting
 - Level 8.0(12.4) Short Blades
 * Level 21.1(24.5) Dodging
 - Level 23.7(27) Stealth
 - Level 4.6(7.5) Shields
 - Level 11.0 Spellcasting
 - Level 11.8(16.0) Hexes
 - Level 5.5(10.0) Summonings
 - Level 3.5(7.5) Translocations
 - Level 1.3(4.1) Transmutations
 - Level 0.8(3.1) Earth Magic
 - Level 5.9(10.4) Evocations


You had one spell level left.
You knew the following spells:

 Your Spells              Type           Power        Failure   Level  Hunger
a - Dazzling Spray        Conj/Hex       ######       1%          3    None
b - Ensorcelled Hibernat  Hex/Ice        ######       1%          2    None
c - Confuse               Hex            ######..     1%          3    None
d - Tukima's Dance        Hex            ######..     1%          3    None
e - Blink                 Tloc           N/A          1%          2    None
f - Invisibility          Hex            ######..     1%          6    #####..
g - Passage of Golubria   Tloc           N/A          2%          4    None
h - Summon Mana Viper     Hex/Summ       ######..     1%          5    ####...
i - Summon Forest         Summ/Tloc      ######....   3%          5    ####...
v - Summon Butterflies    Summ           ######..     1%          1    None
x - Passwall              Tmut/Erth      ####....     1%          2    None
z - Apportation           Tloc           #####.       1%          1    None

Your spell library contained the following spells:

 Spells                   Type           Power        Failure   Level  Hunger
 Confusing Touch          Hex            ######       0%          1    None
 Corona                   Hex            ######.      0%          1    None
 Beastly Appendage        Tmut           ####..       1%          1    None
 Infusion                 Chrm           ###.         3%          1    None
 Shock                    Conj/Air       ###.         3%          1    None
 Slow                     Hex            ######..     0%          2    None
 Shroud of Golubria       Chrm/Tloc      ####......   1%          2    None
 Sticks to Snakes         Tmut           ####....     1%          2    None
 Gell's Gravitas          Tloc           #####.....   1%          3    None
 Lesser Beckoning         Tloc           #####.....   1%          3    None
 Recall                   Summ/Tloc      N/A          1%          3    None
 Spectral Weapon          Hex/Chrm       ######..     1%          3    None
 Teleport Other           Tloc           #####...     1%          3    None
 Leda's Liquefaction      Hex/Erth       ######....   1%          4    None
 Aura of Abjuration       Summ           ######....   2%          5    ####...
 Summon Demon             Summ           ######....   2%          5    ####...
 Yara's Violent Unravell  Hex/Tmut       ######....   2%          5    ####...
 Metabolic Englaciation   Hex/Ice        ######....   4%          5    ####...
 Spider Form              Tmut/Pois      ###.......   5%          3    None
 Corpse Rot               Necr           N/A          6%          2    None
 Song of Slaying          Chrm           ###.....     6%          2    None
 Swiftness                Chrm/Air       ###.....     6%          2    None
 Stone Arrow              Conj/Erth      ###...       7%          3    None
 Regeneration             Chrm/Necr      ###.......   12%         3    None
 Static Discharge         Conj/Air       ###.....     12%         3    None
 Petrify                  Tmut/Erth      ####....     12%         4    None
 Shadow Creatures         Summ           N/A          13%         6    #####..
 Ice Form                 Ice/Tmut       ###.....     19%         4    None
 Blade Hands              Tmut           ####......   26%         5    ####...
 Airstrike                Air            ###.......   36%         4    None
 Discord                  Hex            ######....   43%         8    #######
 Alistair's Intoxication  Tmut/Pois      ###.....     45%         5    ####...
 Irradiate                Conj/Tmut      ###.......   45%         5    ####...
 Summon Hydra             Summ           ######....   56%         7    #######
 Bolt of Magma            Conj/Fire/Erth ###.......   58%         5    ####...
 Iskenderun's Battlesphe  Conj/Chrm      ###.....     71%         5    ####...
 Lightning Bolt           Conj/Air       ###.......   71%         5    ####...
 Venom Bolt               Conj/Pois      ###.......   71%         5    ####...
 Hydra Form               Tmut           ####......   82%         6    #####..
 Statue Form              Tmut/Erth      ####.....    87%         6    #####..
 Iron Shot                Conj/Erth      ###.......   98%         6    #####..
 Poison Arrow             Conj/Pois      ###.......   99%         6    #####..
 Spellforged Servitor     Conj/Summ      #####.....   99%         7    #######
 Dragon Form              Tmut           ####......   100%        7    #######
 Orb of Destruction       Conj           ###.......   100%        7    #######
 Chain Lightning          Conj/Air       ###.......   100%        8    #######
 Lehudib's Crystal Spear  Conj/Erth      ###.......   100%        8    #######
 Fire Storm               Conj/Fire      ###.......   100%        9    #######
 Glaciate                 Conj/Ice       ###.......   100%        9    #######

Inventory:

Hand Weapons
 a - a cursed +9 dagger of venom (weapon)
   (You took it off Robin on level 3 of the Dungeon)
Missiles
 D - 7 throwing nets (quivered) {!f}
Armour
 p - a cursed +2 cloak (worn)
   (You took it off Maurice on level 8 of the Dungeon)
 J - a cursed +1 buckler of poison resistance (worn)
   (You took it off a red devil on level 6 of the Lair of Beasts)
 N - the cursed +1 robe "Wuddycyi" (worn) {rC+ Dex+3}
   (You bought it in a shop on level 2 of the Orcish Mines)

   It affects your dexterity (+3).
   It protects you from cold.
   It has a curse placed upon it.
 Q - a cursed +1 hat of magic resistance (worn)
   (You acquired it on level 11 of the Dungeon)
Jewellery
 l - an uncursed amulet of regeneration
   (You found it on level 1 of the Abyss)
 B - an uncursed ring of protection from fire
   (You found it on level 3 of the Shoals)
 F - a cursed ring of protection from fire (right hand)
   (You found it on level 7 of the Dungeon)
 L - a cursed +2 ring of evasion (left hand)
   (You found it on level 10 of the Dungeon)
 M - the cursed amulet "Xounyust" (around neck) {Reflect Dex+2 SH+5}
   (You bought it in a shop on level 2 of the Orcish Mines)

   [amulet of reflection]

   It shields you and reflects attacks.
   It affects your dexterity (+2).
   It affects your SH (+5).
   It has a curse placed upon it.
 O - a +5 ring of protection
   (You found it on level 3 of the Shoals)
 T - an uncursed ring of ice
   (You found it on level 14 of the Dungeon)
Wands
 i - a wand of digging (19)
   (You found it on level 8 of the Dungeon)
 k - a wand of flame (67)
   (You found it on level 6 of the Dungeon)
 n - a wand of polymorph (19)
   (You found it on level 6 of the Dungeon)
 s - a wand of acid (10)
   (You found it on level 8 of the Dungeon)
 x - a wand of disintegration (41)
   (You found it on level 7 of the Dungeon)
 P - a wand of paralysis (4)
   (You found it on level 3 of the Shoals)
 U - a wand of iceblast (23)
   (You found it on level 9 of the Dungeon)
Scrolls
 b - 3 scrolls of fear {!r}
 f - a scroll of identify
 m - a scroll of magic mapping
 o - 3 scrolls of amnesia
 t - 5 scrolls of teleportation {!r}
 A - 5 scrolls of remove curse
 C - 2 scrolls of brand weapon
 I - a scroll of silence
 K - 2 scrolls of holy word
 X - 2 scrolls of blinking
Potions
 d - 3 potions of heal wounds
 e - 9 potions of curing
 g - a potion of agility
 h - 3 potions of magic
 j - a potion of might
 q - 2 potions of invisibility
 u - 2 potions of berserk rage {!q}
 v - 2 potions of flight
 w - a potion of cancellation
 z - 7 potions of brilliance
 E - 3 potions of mutation {!q}
 G - 3 potions of ambrosia {!q}
 H - 4 potions of resistance
 R - 6 potions of lignification
Miscellaneous
 r - a lamp of fire
   (You found it on level 2 of the Shoals)
 y - a box of beasts
Comestibles
 c - 23 rations

Dungeon Overview and Level Annotations

Branches:
Dungeon (15/15)            Temple (1/1) D:7            Lair (6/6) D:8
 Shoals (4/4) Lair:2       Spider (4/4) Lair:3        Slime (0/5) Lair:5
    Orc (2/2) D:9             Elf (0/3) Orc:2        Depths (5/5) D:15
    Zot (0/5) Depths:5
 Vaults: D:13-14

Altars:
Ashenzari
Cheibriados
Dithmenos
Elyvilon
Fedhas
Gozag
Hepliaklqana
Kikubaaqudgha
Makhleb
Nemelex Xobeh
Okawaru
Qazlal
Ru
Sif Muna
Trog
Uskayaw
Vehumet
Wu Jian
Xom
Yredelemnul
Zin
The Shining One
Jiyva

Shops:
D:8 :   D:9 }   Orc:2 =(*[   Depths:1 =}=

Portals:
Hell: Lair:6 Depths:1
Abyss: Depths:4

Annotations:
D:12 3 runed translucent doors, xccam's ghost, journeyman FoGl
Lair:4 exclusion: ice statue
Shoals:4 exclusion: Roxanne, Roxanne
Spider:2 Frances
Spider:4 1 exclusion
Depths:4 Sojobo
Depths:5 3 runed translucent doors, Frederick; Xtahua

* ***
#####..##########@.#######
####..##########..# ,, #..# *
*** ##** * , *
*######..####### , ,, ... ,,
,.......{....... , ,, ....
,,,............... *,,,
.....## **#######..###### *
,≈≈≈≈≈....############..)(.(..
,,
≈*#∩≈≈......@....i..())..(().
,≈*
###≈............(...)()#.).
*,,≈≈
#≈..###############...##+ *
≈** #≈.#*##############...#{{
,,, #≈≈.,,.............D...#{{
,,, * *##≈
,,.................#{{ ,, ≈ ∩
D * #####..#####....#{{ , {{≈,
#..# #....### ,,, ,, * #..#
##..#...


You could see a spriggan air mage.


Message History

Your magical contamination has completely faded away.
Unknown command.
Things that are here:
a +2 war axe of electrocution; a +2 cloak; a +0 large shield
Okay, then.
Drop what? 48/52 slots (_ for help) (? for menu, Esc to quit)
You drop a +2 dagger of distortion.
Okay, then.
You open the door.
A shadow dragon comes into view.
The shadow dragon moves out of view.
There is an open door, spattered with blood here.
A stone giant comes into view.
The stone giant shouts!
You hear a deafening roar!
There is an open door, spattered with blood here.
What are your orders? t - Shout!
Orders for allies: a - Attack new target. r - Retreat! s - Stop attacking. g - Guard the area. f - Follow me.
Anything else - Cancel.
Okay, then.
Unknown command.
Items here: )) [[ a +2 dagger of distortion; a +2 war axe of electrocution; a +2 cloak a +0 large shield What are your orders? t - Shout!
Orders for allies: a - Attack new target. r - Retreat! s - Stop attacking. g - Guard the area. f - Follow me.
Anything else - Cancel.
You shout for attention!
You hear a shout!
You hear a deafening roar! x2
The stone giant throws a large rock.
You reflect the large rock off an invisible shield around you!
The large rock hits the stone giant!!!
You close the door.
A stone giant comes into view.
There is an open door here.
You see here a +0 dire flail.
Things that are here:
a +0 whip; a +2 cloak
Casting: Invisibility (safe; 1% risk of failure)
Confirm with . or Enter, or press ? or * to list all spells.
Aiming: Invisibility (safe; 1% risk of failure)
Press: ? - help, Shift-Dir - straight line, f - you You fade into invisibility!
You are very lightly contaminated with residual magic.
The yellow draconian roars!
The red draconian roars!
The yellow draconian knight roars!
The yellow draconian completely misses you.
You now have 27/33 mp.
Things that are here:
a +0 war axe; a +0 animal skin; a spriggan skeleton The yellow draconian knight gestures wildly while chanting.
The yellow draconian knight flickers and vanishes for a moment.
The spriggan air mage waves its arms in wide circles.
The air twists around and strikes you!
You take 6 damage, and have 83/89 hp.
You block the bone dragon's attack. The bone dragon claws you.
The bone dragon completely misses you.
There is a gate to the Realm of Zot here.
You take 5 damage, and have 79/89 hp.
The spriggan air mage waves its arms in wide circles.
The air twists around and strikes you! You block the bone dragon's attack.
The bone dragon claws you!!
* * * LOW HITPOINT WARNING * * *
The bone dragon tramples you.
* * * LOW HITPOINT WARNING * * *
You stumble backwards!
You stop descending the stairs.
The fire dragon roars deafeningly!
You take 44 damage, and have 35/89 hp.
MASSIVE DAMAGE!!
Blink to where?
Press: ? - help, Dir - move target cursor
As you read the scroll of blinking, it crumbles to dust.
The spriggan air mage points at you and mumbles some strange words.
The bolt of lightning misses you.
The yellow draconian roars!
You hear a deafening roar!
There is an open door here.
A tengu warrior comes into view. It is wielding a +0 great sword.
The tengu warrior moves out of view.
You flicker for a moment.
MP restored: 33 You are lightly contaminated with residual magic.
You see here 2 bolts.
You flicker back into view.
The spriggan air mage waves its arms in wide circles.
The air twists around and strikes you!
* * * LOW HITPOINT WARNING * * *
You take 14 damage, and have 27/89 hp.
The spriggan air mage casts a spell at you.
The bolt of lightning misses you.
The spriggan air mage waves its arms in wide circles.
The air twists around and strikes you!
* * * LOW HITPOINT WARNING * * *
There is a stone staircase leading up here.
You take 8 damage, and have 19/89 hp.
The spriggan air mage waves its arms in wide circles.
The air twists around and strikes you!
You die...

Skill      XL: |  1  2  3  4  5  6  7  8  9 10 11 12 13 14 15 16 17 |
---------------+----------------------------------------------------+-----
Spellcasting   | 3 4 5 6 7 8 9 10 11 | 11.0
Hexes          | 4 5 6 7 8 9 10 11 | 11.8
Stealth        | 5 6 7 9 11 14 15 17 19 20 21 23 | 23.7
Short Blades   | 2 3 4 5 7 8 |  8.0
Fighting       | 1 2 4 5 6 7 8 9 10 | 10.0
Dodging        | 6 8 11 13 15 16 18 20 21 | 21.1
Translocations | 3 |  3.5
Evocations     | 2 5 |  5.9
Shields        | 4 |  4.6
Summonings     | 2 5 |  5.5
Transmutations | 1 |  1.3
Earth Magic    | |  0.8

Action                   |  1- 3 |  4- 6 |  7- 9 | 10-12 | 13-15 | 16-18 || total
-------------------------+-------+-------+-------+-------+-------+-------++-------
Melee: Dagger            |   154 |   192 |   240 |   320 |  1386 |   579 ||  2871
 Cast: Corona            |    13 |       |       |       |       |       ||    13
       Ensorcelled Hiber |     9 |    27 |    27 |   136 |   314 |    65 ||   578
       Dazzling Spray    |       |     2 |       |    19 |    53 |    22 ||    96
       Confuse           |       |     1 |    18 |    28 |    49 |    20 ||   116
       Apportation       |       |       |       |    14 |    11 |    11 ||    36
       Blink             |       |       |       |     1 |       |       ||     1
       Summon Mana Viper |       |       |       |       |     2 |     4 ||     6
       Summon Forest     |       |       |       |       |     2 |     3 ||     5
       Invisibility      |       |       |       |       |       |     7 ||     7
       Summon Butterflie |       |       |       |       |       |     1 ||     1
       Passage of Golubr |       |       |       |       |       |     1 ||     1
Invok: Curse Item        |       |       |     5 |     1 |     3 |       ||     9
       Scrying           |       |       |       |       |     1 |     1 ||     2
  Use: Potion            |     2 |     1 |     1 |       |     1 |       ||     5
       Scroll            |       |     4 |    11 |     4 |    18 |     4 ||    41
 Stab: Sleeping          |    12 |    23 |    25 |    85 |   245 |    55 ||   445
       Confused          |       |     2 |    12 |    14 |    25 |    13 ||    66
       Invisible         |       |       |       |     3 |    20 |    47 ||    70
       Distracted        |       |       |       |     1 |     6 |     3 ||    10
       Held in net/web   |       |       |       |       |     4 |       ||     4
  Eat: Ration            |       |     2 |     2 |     4 |     8 |     5 ||    21
Armor: Robe              |    20 |     9 |     7 |     9 |    24 |    11 ||    80
Dodge: Dodged            |   129 |   145 |   105 |   241 |   748 |   333 ||  1701
Block: Buckler           |       |       |       |       |   491 |   303 ||   794
       Reflection        |       |       |       |       |     7 |    29 ||    36

Levels and vault maps discovered:
D:1:      minmay_arrival_loop, layout_basic, hangedman_decor_peaks_small
D:2:      cheibrodos_old_hovel, layout_basic, minmay_3d_cube
D:3:      layout_loops_ring, lemuel_doored_altar, gammafunk_ghost_mausoleum,
          uniq_terence, uniq_jessica, uniq_robin
D:4:      layout_loops_corners, uniq_eustachio
D:5:      layout_basic, ebering_ghost_reflecting_pool, first_ration,
          hangedman_decor_lopped, cheibrodos_worm_habitat
D:6:      layout_loops_cross, grunt_qazlal_clouds, led_sif_pool
D:7:      layout_loops_ring, nicolae_overflow_crystal_walls,
          chequers_temple_overflow_minitemple, temple_hall
D:8:      layout_loops_ring, erik_lair_island, serial_shops,
          nicolae_shop_crystal, roderic_lattice_a, wad_floor_pattern_1,
          grunt_pizzeria, uniq_psyche, uniq_maurice
D:9:      layout_basic, erik_orc_4, serial_shops, shop, minmay_microvault
D:10:     wad_arrow_thing, layout_long_grid, serial_shops, shop, uniq_nergalle
D:11:     layout_cave_pools, minmay_misc_feat_diagonals, minmay_ruined_shrine
D:12:     minmay_expanding_squares, layout_rooms, gammafunk_ghost_icy,
          uniq_sonja, uniq_urug
D:13:     layout_basic, grunt_vaults_entry_fortified, tgw_fedhas
D:14:     layout_cross, yredelemnul_altar_generic, minmay_misc_feat_tiny
D:15:     hangedman_depths_entry_civil_slaughter, layout_gridville, basic_altar,
          kennysheep_pointless_box, minmay_st_funbox, onia_ninara_cookie
Temple:   regret_index_temple_generic_petals
Lair:1:   minmay_lair_oklob_tunnel, layout_gridlike, grunt_megastairs_2
Lair:2:   layout_chaotic_city, elwin_shoals_entry_rooms, serial_bayou_shore_b
Lair:3:   layout_gridlike, nicolae_spider_entry_orb_guardian,
          nicolae_lair_grove_arrangements
Lair:4:   layout_regular_city, ice2_lemuel, uniq_snorg
Lair:5:   layout_cave_pods, slime_altar_1, grunt_forest_large_clearing_hut,
          grunt_megastairs_4, uniq_kirke
Lair:6:   evil_forest, layout_regular_city, serial_bayou_pond_d,
          serial_bayou_crossing
Shoals:1: layout_shoals
Shoals:2: layout_shoals
Shoals:3: layout_shoals
Shoals:4: shoals_end_grunt_ice, layout_shoals, uniq_roxanne
Spider:1: layout_spider_delve, drop_trap, nicolae_spider_shape
Spider:2: layout_spider_delve, uniq_arachne, uniq_frances, uniq_asterion
Spider:3: layout_chambers, drop_trap, nicolae_spider_circle_web,
          hangedman_spider_mandibles, hive_lemuel
Spider:4: grunt_spider_rune_circles, uniq_louise
Orc:1:    layout_caves, uniq_harold, uniq_gastronok
Orc:2:    st_orc_congregation, layout_caves
Depths:1: layout_cave_pools, hell_entry, minmay_misc_feat_encased,
          serial_bayou_pond_d, lemuel_flamethrower_3, firewood_loft,
          minmay_shop_grove
Depths:2: abrahamwl_protected_by_tso_1, layout_cave_pools, grunt_mini_vestibule,
          special_room [special_room_morgue], minivault_22, serial_bayou_ford_a
Depths:3: minmay_textured_paths, layout_basic, enter_ziggurat_a,
          hangedman_decor_slide_cut, pf_hell_entry_great_geh, pan_entry
Depths:4: regret_index_dithmenos_brocken_genspenst, layout_long_grid,
          hell_entry, abyss_entry, serial_sigils_hangedman_quiver, drop_trap,
          infiniplex_staircase_trident, serial_bayou_shore_b, uniq_sojobo
Depths:5: grunt_zot_entry_bicorn, layout_long_grid, hangedman_coc_ice_floe,
          pandoras_box_mu, uniq_xtahua, uniq_frederick
Abyss:1:  evilmike_abyss_exit_15
Abyss:2
Abyss:3:  dshaligram_kb_abyss_rune_zappy_water_cross, evilmike_abyss_exit_7

Notes
Turn   | Place    | Note
-------+----------+-------------------------------------------
     0 | D:1      | Monsterracer the Spriggan Enchanter began the quest for the
                  | Orb.
     0 | D:1      | Reached XP level 1. HP: 9/9 MP: 5/5
    85 | D:1      | HP: 4/9 [ooze (2)]
    94 | D:1      | HP: 2/9 [ooze (2)]
   553 | D:1      | Reached XP level 2. HP: 12/13 MP: 7/7
   598 | D:1      | Learned a level 2 spell: Ensorcelled Hibernation
  1164 | D:1      | Reached XP level 3. HP: 12/16 MP: 8/8
  1175 | D:1      | Learned a level 3 spell: Confuse
  1341 | D:1      | Reached skill level 5 in Stealth
  1710 | D:2      | HP: 7/16 [adder (3)]
  1717 | D:2      | HP: 6/16 [poisoned by an adder]
  1721 | D:2      | HP: 2/16 [adder (4)]
  1901 | D:2      | Reached XP level 4. HP: 21/21 MP: 5/10
  1906 | D:2      | Learned a level 3 spell: Tukima's Dance
  2355 | D:2      | Noticed a bullfrog
  2367 | D:2      | Killed a bullfrog
  2367 | D:2      | Reached XP level 5. HP: 13/24 MP: 5/13
  2379 | D:2      | HP: 6/24 [worm (7)]
  2670 | D:2      | HP: 12/24 [goblin/+2 dagger of venom (1)]
  2675 | D:2      | HP: 10/24 [poisoned by a goblin]
  2680 | D:2      | HP: 8/24 [poisoned by a goblin]
  2686 | D:2      | HP: 6/24 [poisoned by a goblin]
  2693 | D:2      | HP: 5/24 [poisoned by a goblin]
  2698 | D:2      | HP: 4/24 [poisoned by a goblin]
  2705 | D:2      | HP: 3/24 [poisoned by a goblin]
  2710 | D:2      | HP: 3/24 [poisoned by a goblin]
  2715 | D:2      | HP: 2/24 [poisoned by a goblin]
  3279 | D:2      | Learned a level 3 spell: Dazzling Spray
  3349 | D:3      | Noticed Jessica
  3365 | D:3      | Killed Jessica
  3365 | D:3      | Reached skill level 6 in Stealth
  3365 | D:3      | Reached skill level 5 in Spellcasting
  3497 | D:3      | HP: 7/24 [worm (10)]
  3741 | D:3      | Found a basalt altar of Yredelemnul.
  3778 | D:3      | Noticed Robin
  3779 | D:3      | Noticed Terence
  3829 | D:3      | Killed Robin
  3838 | D:3      | HP: 12/24 [poisoned by Robin]
  3844 | D:3      | HP: 11/24 [poisoned by Robin]
  3851 | D:3      | HP: 9/24 [poisoned by Robin]
  3856 | D:3      | HP: 8/24 [goblin/+0 club[Robin] (1)]
  3861 | D:3      | HP: 4/24 [poisoned by Robin]
  3862 | D:3      | HP: 1/24 [goblin/+0 club[Robin] (3)]
  4085 | D:3      | Found a transporter.
  4087 | D:3      | Noticed p0werm0de's ghost (amateur GnWn)
  4089 | D:3      | Found a transporter.
  4153 | D:3      | Reached XP level 6. HP: 28/28 MP: 15/15
  4181 | D:3      | Killed Terence
  4578 | D:3      | Killed p0werm0de's ghost
  4578 | D:3      | Reached skill level 5 in Hexes
  4829 | D:4      | HP: 14/28 [orc/+0 club (3)]
  5105 | D:4      | Noticed Eustachio
  5135 | D:4      | Killed Eustachio
  5135 | D:4      | Reached skill level 7 in Stealth
  5135 | D:4      | Reached XP level 7. HP: 19/32 MP: 8/17
  5142 | D:4      | HP: 14/32 [phantom (5)]
  5153 | D:4      | HP: 9/32 [phantom (6)]
  5170 | D:4      | HP: 4/32 [phantom (7)]
  6100 | D:5      | Entered Level 5 of the Dungeon
  6350 | D:5      | Reached XP level 8. HP: 36/36 MP: 13/20
  6485 | D:5      | Found a snail-covered altar of Cheibriados.
  6655 | D:5      | Found a runed translucent door.
  6655 | D:5      | Noticed Lanoc's ghost (amateur FoAK)
  6713 | D:5      | Killed Lanoc's ghost
  6713 | D:5      | Reached skill level 8 in Stealth
  7463 | D:6      | Found a stormy altar of Qazlal.
  7541 | D:6      | Reached skill level 5 in Short Blades
  7630 | D:6      | HP: 14/36 [orc/cursed -3 trident (8)]
  7655 | D:6      | HP: 9/36 [orc wizard/puff of frost (8)]
  7656 | D:6      | HP: 3/36 [orc wizard/puff of flame (6)]
  7942 | D:6      | Found a deep blue altar of Sif Muna.
  8084 | D:6      | Reached skill level 9 in Stealth
  8487 | D:7      | Noticed a hippogriff
  8488 | D:7      | Found a staircase to the Ecumenical Temple.
  8495 | D:7      | Killed a hippogriff
  8497 | D:7      | Reached skill level 1 in Fighting
  8497 | D:7      | Reached XP level 9. HP: 41/41 MP: 17/22
  8505 | Temple   | Entered the Ecumenical Temple
  8724 | Temple   | Became a worshipper of Ashenzari the Shackled
  8934 | D:7      | Found a hazy altar of Hepliaklqana.
  9038 | D:7      | Reached skill level 10 in Stealth
  9284 | D:7      | HP: 18/42 [ogre/+0 giant club (22)]
  9610 | D:7      | Found a glowing silver altar of Zin.
  9610 | D:7      | Found a faded altar of an unknown god.
  9615 | D:7      | Found a burning altar of Makhleb.
  9617 | D:7      | Found a faded altar of an unknown god.
  9619 | D:7      | Found an iron altar of Okawaru.
  9835 | D:8      | Reached skill level 5 in Dodging
 10001 | D:8      | Noticed Maurice
 10027 | D:8      | Reached skill level 11 in Stealth
 10123 | D:8      | Killed Maurice
 10153 | D:8      | Found Fikunaze's Book Shop.
 10244 | D:8      | Noticed Psyche
 10255 | D:8      | Killed Psyche
 10255 | D:8      | Reached XP level 10. HP: 48/48 MP: 18/23
 10505 | D:8      | Reached skill level 12 in Stealth
 10714 | D:8      | Reached * piety under Ashenzari
 10768 | D:8      | Found a staircase to the Lair.
 11088 | D:9      | Found a staircase to the Orcish Mines.
 11097 | D:9      | HP: 23/49 [centaur/arrow (2)]
 11260 | Lair:1   | Entered Level 1 of the Lair of Beasts
 11509 | Lair:1   | Noticed a five-headed hydra
 11576 | Lair:1   | Reached skill level 13 in Stealth
 11577 | Lair:1   | HP: 18/49 [yak (13)]
 11609 | Lair:1   | HP: 14/49 [five-headed hydra (8)]
 11609 | Lair:1   | HP: 1/49 [five-headed hydra (13)]
 11846 | Lair:1   | Killed a five-headed hydra
 12133 | Lair:1   | Noticed an elephant
 12135 | Lair:1   | Noticed an elephant
 12136 | Lair:1   | Noticed an elephant
 12137 | Lair:1   | Noticed an elephant
 12138 | Lair:1   | Noticed an elephant
 12140 | Lair:1   | Killed an elephant
 12152 | Lair:1   | HP: 13/49 [elephant (19)]
 12159 | Lair:1   | Killed an elephant
 12285 | Lair:1   | HP: 20/49 [elephant (10)]
 12297 | Lair:1   | Killed an elephant
 12297 | Lair:1   | Reached skill level 14 in Stealth
 12297 | Lair:1   | Reached XP level 11. HP: 23/53 MP: 11/24
 12304 | Lair:1   | HP: 22/53 [elephant (2)]
 12307 | Lair:1   | HP: 1/54 [elephant (15)]
 12317 | Lair:1   | Reached ** piety under Ashenzari
 12425 | Lair:1   | HP: 15/54 [elephant (2)]
 12700 | Lair:1   | Noticed an oklob plant
 12769 | Lair:1   | Learned a level 2 spell: Blink
 13096 | Lair:2   | Reached skill level 1 in Translocations
 13549 | Lair:2   | Found a staircase to the Shoals.
 13646 | Lair:2   | Learned a level 1 spell: Apportation
 13653 | Lair:2   | Learned a level 6 spell: Invisibility
 14185 | Lair:3   | Reached skill level 10 in Hexes
 14202 | Lair:3   | Reached skill level 15 in Stealth
 14573 | Lair:3   | Found a hole to the Spider Nest.
 14573 | Lair:3   | Noticed an orb spider
 14579 | Lair:3   | Got the uncursed shield "Homaosup" {Slay+2}
 14601 | Lair:3   | Killed an orb spider
 14601 | Lair:3   | Reached skill level 5 in Fighting
 14601 | Lair:3   | Reached skill level 10 in Dodging
 14645 | Lair:3   | Reached *** piety under Ashenzari
 14713 | Lair:3   | Noticed an oklob plant
 14771 | Lair:3   | Killed an oklob plant
 15125 | Lair:1   | Killed an oklob plant
 15129 | Lair:1   | Noticed an oklob plant
 15132 | Lair:1   | Noticed an oklob plant
 15136 | Lair:1   | Killed an oklob plant
 15149 | Lair:1   | Killed an oklob plant
 15207 | Lair:1   | Noticed an oklob plant
 15215 | Lair:1   | Killed an oklob plant
 15361 | Lair:4   | Reached XP level 12. HP: 60/60 MP: 25/25
 15430 | Lair:4   | Found the +8 demon blade "Leech" {vamp, rN+ AC-3 EV-3}
 15462 | Lair:4   | Reached skill level 16 in Stealth
 15536 | Lair:4   | Noticed Snorg
 15543 | Lair:4   | Killed Snorg
 15723 | Lair:4   | HP: 30/60 [elephant (4)]
 15728 | Lair:4   | HP: 19/60 [elephant (10)]
 15728 | Lair:4   | HP: 6/60 [elephant (13)]
 16060 | Lair:4   | Noticed a seven-headed hydra
 16067 | Lair:4   | Noticed a six-headed hydra
 16090 | Lair:4   | Killed a six-headed hydra
 16094 | Lair:4   | Killed a seven-headed hydra
 16576 | Lair:4   | Noticed a six-headed hydra
 16583 | Lair:4   | Killed a six-headed hydra
 16583 | Lair:4   | Reached skill level 17 in Stealth
 16864 | Lair:5   | Noticed a five-headed hydra
 16876 | Lair:5   | Killed a five-headed hydra
 17726 | Lair:5   | Found a viscous altar of Jiyva.
 17726 | Lair:5   | Found a staircase to the Slime Pits.
 17797 | Lair:5   | Noticed a seven-headed hydra
 17800 | Lair:5   | Killed a seven-headed hydra
 17800 | Lair:5   | Reached XP level 13. HP: 65/65 MP: 26/26
 17823 | Lair:5   | Reached **** piety under Ashenzari
 17832 | Lair:5   | Reached skill level 18 in Stealth
 18065 | Lair:5   | Noticed Kirke
 18107 | Lair:5   | Killed Kirke
 18486 | Lair:6   | Entered Level 6 of the Lair of Beasts
 19294 | Lair:6   | Reached ***** piety under Ashenzari
 19469 | Lair:6   | Reached skill level 1 in Evocations
 19513 | Lair:6   | Reached skill level 15 in Dodging
 19513 | Lair:6   | Reached skill level 19 in Stealth
 19866 | Lair:6   | Found a burning altar of Makhleb.
 19924 | Lair:6   | HP: 27/67 [red devil/+1 demon trident of electrocution
                  | (14)]
 20372 | Lair:6   | HP: 28/67 [orange demon (14)]
 20617 | Lair:6   | Identified the +4 shield "Homaosup" {Slay+2} (You found it
                  | on level 3 of the Lair of Beasts)
 20623 | Lair:6   | Found a gateway to Hell.
 21044 | D:9      | Reached skill level 1 in Shields
 21820 | D:9      | Found Hamyvyzo's Gadget Boutique.
 22161 | D:9      | Learned a level 1 spell: Summon Butterflies
 22338 | D:9      | Learned a level 4 spell: Passage of Golubria
 22413 | D:10     | Entered Level 10 of the Dungeon
 22413 | D:10     | Noticed Nergalle
 22419 | D:10     | Killed Nergalle
 22420 | D:10     | Found Veipuas's Food Boutique.
 22837 | D:10     | Reached XP level 14. HP: 72/72 MP: 24/27
 23280 | D:10     | Reached skill level 1 in Summonings
 23505 | Orc:1    | Entered Level 1 of the Orcish Mines
 23509 | Orc:1    | Noticed Harold
 23820 | Orc:1    | Killed Harold
 23947 | Orc:2    | Entered Level 2 of the Orcish Mines
 24457 | Orc:1    | Noticed Gastronok
 24462 | Orc:1    | Killed Gastronok
 25023 | Orc:2    | Found a staircase to the Elven Halls.
 25202 | Orc:2    | Learned a level 5 spell: Summon Mana Viper
 25786 | Orc:2    | Noticed an orc warlord
 25858 | Orc:2    | HP: 34/72 [orc warlord/+3 bardiche of freezing (12)]
 26059 | Orc:2    | Killed an orc warlord
 26618 | Orc:2    | Reached skill level 20 in Stealth
 26928 | Orc:2    | Found Fiupn's General Store.
 26929 | Orc:2    | Found Geluzav's Jewellery Boutique.
 26930 | Orc:2    | Found Lepuz's Antique Armour Shop.
 26930 | Orc:2    | Found Muphez's Antique Weapon Shop.
 26945 | Orc:2    | Bought the amulet "Xounyust" {Reflect Dex+2 SH+5} for 733
                  | gold pieces
 26990 | Orc:2    | Bought an ominously black robe for 222 gold pieces
 26990 | Orc:2    | Identified the +1 robe "Wuddycyi" {rC+ Dex+3} (You bought
                  | it in a shop on level 2 of the Orcish Mines)
 27226 | Spider:1 | Entered Level 1 of the Spider Nest
 27273 | Spider:2 | Reached skill level 5 in Evocations
 27341 | Spider:2 | Noticed Frances
 27427 | Spider:2 | Identified a scroll of acquirement
 27662 | Spider:4 | Entered Level 4 of the Spider Nest
 27815 | Spider:4 | Noticed an emperor scorpion
 27871 | Spider:4 | Killed an emperor scorpion
 27920 | Spider:4 | Reached XP level 15. HP: 54/77 MP: 15/29
 28215 | Spider:4 | HP: 26/77 [emperor scorpion (25)]
 28538 | Spider:4 | Reached skill level 10 in Spellcasting
 28605 | Spider:4 | Reached skill level 21 in Stealth
 28669 | Spider:4 | Reached ****** piety under Ashenzari
 28761 | Spider:4 | Noticed a ghost moth
 28951 | Spider:4 | HP: 39/78 [ghost moth (11)]
 28967 | Spider:4 | Killed a ghost moth
 29228 | Spider:4 | Noticed Louise
 29234 | Spider:4 | Killed Louise
 29274 | Spider:4 | Noticed a ghost moth
 29274 | Spider:4 | Noticed a ghost moth
 29276 | Spider:4 | Got a gossamer rune of Zot
 29506 | Spider:1 | Learned a level 5 spell: Summon Forest
 29591 | Shoals:1 | Entered Level 1 of the Shoals
 29714 | Lair:2   | HP: 39/78 [drowned by a water elemental (3)]
 30305 | Shoals:4 | Entered Level 4 of the Shoals
 30305 | Shoals:4 | Noticed Roxanne
 30733 | Shoals:4 | Got a barnacled rune of Zot
 30743 | Shoals:4 | HP: 32/78 [merfolk siren/+0 trident (14)]
 31326 | D:11     | Reached skill level 5 in Summonings
 32059 | D:11     | Found a shimmering altar of Xom.
 32510 | D:12     | Found a runed translucent gate.
 32511 | D:12     | Found a runed translucent gate.
 32512 | D:12     | Found a runed translucent gate.
 32515 | D:12     | Noticed Urug
 32522 | D:12     | Killed Urug
 32567 | D:12     | Noticed Sonja
 32597 | D:12     | Killed Sonja
 32777 | D:12     | Noticed xccam's ghost (journeyman FoGl)
 32810 | D:12     | Reached XP level 16. HP: 75/83 MP: 20/31
 32842 | D:12     | HP: 40/83 [acid (16)]
 32856 | D:12     | Reached skill level 22 in Stealth
 32858 | D:12     | HP: 40/84 [vampire mosquito (4)]
 33116 | D:10     | Bought a ration for 50 gold pieces
 33116 | D:10     | Bought a ration for 50 gold pieces
 33116 | D:10     | Bought a ration for 50 gold pieces
 33116 | D:10     | Bought a ration for 50 gold pieces
 33116 | D:10     | Bought a ration for 50 gold pieces
 33116 | D:10     | Bought a ration for 50 gold pieces
 33116 | D:10     | Bought a ration for 50 gold pieces
 33116 | D:10     | Bought a ration for 50 gold pieces
 33116 | D:10     | Bought a ration for 50 gold pieces
 33116 | D:10     | Bought a ration for 50 gold pieces
 33697 | D:13     | Identified the Volume of Enchanting Clay
 33732 | D:14     | Found a basalt altar of Yredelemnul.
 33862 | D:14     | Learned a level 2 spell: Passwall
 33940 | D:14     | Reached skill level 1 in Transmutations
 34104 | D:15     | Entered Level 15 of the Dungeon
 34359 | D:15     | Found a staircase to the Depths.
 34434 | Depths:1 | Entered Level 1 of the Depths
 34600 | Depths:1 | Found Ufodeasa's Jewellery Shop.
 34600 | Depths:1 | Found Zeis's Gadget Emporium.
 34601 | Depths:1 | Found Wiotu's Jewellery Shop.
 34614 | Depths:1 | Bought a wand of digging (7) for 308 gold pieces
 34828 | Depths:1 | Reached skill level 23 in Stealth
 35543 | Depths:4 | Noticed Sojobo
 35543 | Depths:4 | Noticed a tengu reaver
 35695 | Depths:4 | Found a one-way gate to the infinite horrors of the Abyss.
 35719 | Depths:4 | Reached XP level 17. HP: 88/88 MP: 30/33
 35723 | Depths:4 | Voluntarily entered the Abyss.
 35821 | Abyss:1  | Found a corrupted altar of Lugonu.
 35852 | Abyss:1  | Found an ornate altar of the Wu Jian Council.
 35859 | Abyss:1  | Found a basalt altar of Yredelemnul.
 35870 | Abyss:2  | Identified the +7 halberd of Peejomio {freeze, *Rage rPois
                  | Str-5 Int+8}
 35927 | Abyss:3  | Got an abyssal rune of Zot
 35931 | Abyss:3  | HP: 20/88 [blizzard demon/the air (30)]
 35942 | Abyss:3  | Found a corrupted altar of Lugonu.
 35972 | Depths:4 | Escaped the Abyss
 36302 | Depths:5 | Entered Level 5 of the Depths
 36393 | Depths:5 | Reached skill level 10 in Fighting
 36617 | Depths:5 | Found a runed translucent gate.
 36617 | Depths:5 | Found a runed translucent gate.
 36617 | Depths:5 | Found a runed translucent gate.
 36635 | Depths:5 | Found the cursed +1 cloak of Starlight {rElec rC+ EV+4
                  | Stlth--}
 36826 | Depths:5 | Found a gate to the Realm of Zot.
 36827 | Depths:5 | Noticed a bone dragon
 36827 | Depths:5 | Noticed Frederick
 37059 | Depths:5 | Noticed Xtahua
 37312 | Depths:5 | HP: 38/89 [bone dragon (19)]
 37351 | Depths:5 | HP: 27/89 [spriggan air mage/the air (14)]
 37355 | Depths:5 | Killed from afar by a spriggan air mage

Vanquished Creatures
  Gastronok (Orc:1)
  Kirke (Lair:5)
  3 fire giants (Depths:1 Depths:2)
  2 frost giants (D:12 Depths:5)
  A ghost moth (Spider:4)
  An orc warlord (Orc:2)
  Louise (Spider:4)
  A draconian knight (Depths:5)
  6 emperor scorpions (Spider:4)
  A draconian stormcaller (Depths:5)
  10 very ugly things (Depths:1 Depths:3)
  A black draconian (Depths:5)
  A white draconian (Depths:5)
  A spark wasp (Spider:4)
  Snorg (Lair:4)
  2 ettins (Depths:1)
  A great orb of eyes (Depths:5)
  2 fire dragons (Depths:1 Depths:4)
  A jiangshi (Depths:5)
  2 yaktaur captains (Depths:5)
  Harold (Orc:1)
  An ice dragon (Depths:3)
  12 hydras (Lair:1 Lair:4 Lair:5 Lair:6 D:11)
  2 centaur warriors (D:13 D:15)
  A merfolk avatar (Shoals:2)
  2 spriggan air magi (Depths:4)
  A merfolk aquamancer (Shoals:1)
  4 two-headed ogres (D:10 D:13 D:15)
  A death knight (D:12)
  A vampire mage (Depths:5)
  A deep troll shaman (Depths:5)
  A spriggan berserker (Depths:5)
  3 tengu warriors (D:15 Depths:1)
  Urug (D:12)
  4 orc high priests (Orc:2)
  Sonja (D:12)
  Nergalle (D:10)
  A sixfirhy (Lair:6)
  A storm dragon skeleton (Depths:2)
  2 harpies (Shoals:1 Lair:2)
  3 wizards (Lair:6 D:9 Depths:1)
  4 orc knights (Orc:2)
  A necromancer (Depths:2)
  13 orb spiders (Lair:3 Spider:2 Spider:4)
  5 orc sorcerers (Orc:1 Orc:2 D:15)
  2 orb spiders (shapeshifter) (D:14 Depths:4)
  12 wolf spiders (Spider:1 Spider:2 Spider:4)
  9 ugly things (D:10 D:12 D:14)
  5 oklob plants (Lair:3 Lair:1)
  2 manticores (D:11 D:12)
  4 cyclopes (D:11 D:14)
  A faun (Shoals:3)
  4 black mambas (Lair:1 Lair:2 Lair:5)
  2 centaur zombies (D:7 D:12)
  Maurice (D:8)
  Psyche (D:8)
  2 water nymphs (Shoals:2 Shoals:3)
  A smoke demon (Lair:6)
  A fire giant skeleton (Depths:2)
  10 elephants (Lair:1 Lair:4)
  2 torpor snails (Spider:3 Spider:4)
  4 gargoyles (D:10 D:11 D:12 D:15)
  8 spiny frogs (Lair:2 Lair:3 Lair:4 Lair:5 Lair:6)
  2 orange demons (Lair:6)
  2 kobold demonologists (D:13)
  3 rime drakes (Lair:6)
  5 komodo dragons (Lair:1 Lair:5 Lair:6 D:11)
  2 demonic crawlers (Spider:2 Spider:4)
  9 yaktaurs (D:11 Depths:1 Depths:4 Depths:5)
  An ice devil (Lair:6)
  A freezing wraith (Lair:4)
  6 trolls (D:8 D:10 Orc:1 D:15)
  A tengu conjurer (D:12)
  16 jumping spiders (Spider:1 Spider:2 Spider:4)
  A jumping spider (shapeshifter) (Depths:1)
  2 red devils (Lair:6)
  A spriggan skeleton (Depths:2)
  7 merfolk (Shoals:1 Shoals:2 Shoals:3)
  A polar bear (Lair:5)
  The ghost of Lanoc the Skirmisher, an amateur FoAK of Lugonu (D:5)
  A snapping turtle (Shoals:2)
  13 blink frogs (Lair:5 Lair:6)
  16 slime creatures (D:12 D:14 D:13 Depths:1 Depths:2)
  A wind drake (Shoals:1)
  2 hornets (Spider:1 Spider:4)
  9 hippogriffs (D:7 Lair:1 Lair:3 Lair:5 Lair:6)
  A redback (shapeshifter) (Depths:1)
  A vampire (D:12)
  28 redbacks (Spider:1 Spider:2 Spider:3 Spider:4)
  2 spriggans (D:8 Lair:5)
  3 wyverns (Lair:4 D:9 D:12)
  8 water elementals (Lair:2 Shoals:1 Shoals:3 Depths:1)
  A wraith (D:11)
  Eustachio (D:4)
  44 yaks (Lair:1 Lair:5 Lair:4 Lair:6 D:9)
  A hungry ghost (D:10)
  4 basilisks (Lair:3 Lair:5 D:12)
  7 tarantellas (Spider:2 Spider:3 Spider:4)
  6 vampire mosquitoes (D:12 D:15)
  4 wargs (D:9 Orc:1)
  3 soldier ants (D:10 D:12 D:13)
  13 water moccasins (D:5 Lair:1 Lair:3 Lair:4 Lair:5)
  3 acid dragons (D:12 D:14)
  9 porcupines (Lair:2 Lair:3 Lair:4 Lair:5 Lair:1)
  5 hell hounds (Lair:6)
  43 orc warriors (D:6 D:8 D:9 D:10 Orc:1)
  8 ice beasts (Lair:4 D:11)
  4 sky beasts (D:10 D:11 D:12)
  4 necrophages (D:7 D:12 D:13)
  A black bear (D:9)
  2 phantoms (D:4 D:8)
  An eye of draining (D:12)
  12 ogres (D:7 D:8 D:9 D:10 Orc:1)
  10 wolves (D:8 Lair:1 Lair:3)
  The ghost of p0werm0de the Charlatan, an amateur GnWn (D:3)
  11 centaurs (D:5 D:6 D:9 Shoals:2 D:12)
  A centaur (shapeshifter) (D:12)
  5 big kobolds (D:10 D:13)
  17 crocodiles (Lair:1 Lair:2 Lair:3 Lair:4 Lair:6)
  24 bullfrogs (D:2 D:7 Lair:1 Lair:2 Lair:3)
  A wyvern zombie (D:12)
  3 scorpions (D:6 D:10 D:12)
  14 killer bees (D:9 D:11 D:13)
  4 wights (D:6)
  2 howler monkeys (D:8 D:11)
  4 electric eels (D:8 Lair:2)
  8 crimson imps (D:5 D:6 D:8 D:10 D:11)
  A quasit (D:8)
  3 bullfrog zombies (D:3 D:11 D:13)
  5 jellies (D:7 D:8 D:11 D:12)
  9 hounds (D:6 D:8 D:9 D:10 D:12)
  8 centaur skeletons (D:4 D:9 D:10 D:11 D:12)
  28 orc priests (D:8 D:9 D:10 Orc:2 Orc:1)
  3 bullfrog skeletons (D:5 D:10 D:12)
  Jessica (D:3)
  6 iguanas (D:7 D:9 D:12 D:14)
  Terence (D:3)
  43 orc wizards (D:5 D:6 D:7 D:8 D:9)
  4 worker ants (D:4 D:6 D:9 D:13)
  A centaur simulacrum (D:12)
  A hound zombie (D:3)
  2 howler monkey zombies (D:9 D:11)
  Robin (D:3)
  15 adders (D:2 D:3 D:4 D:5 D:6)
  6 shadow imps (D:7 D:8 D:9 D:10 D:12)
  3 white imps (Lair:4)
  4 oozes (D:1 D:2 D:3)
  2 adder skeletons (D:6 D:7)
  5 worms (D:2 D:3 D:5)
  4 dart slugs (D:1 D:2)
  5 leopard geckos (D:2 D:4 D:5)
  114 orcs (D:3 D:4 D:5 D:6 D:7)
  10 bats (D:1 D:2 D:3)
  4 giant cockroaches (D:1 D:2 D:3 D:4)
  11 hobgoblins (D:1 D:2 D:3)
  6 jackals (D:3 D:7)
  9 kobolds (D:1 D:2 D:3 D:13)
  3 quokkas (D:2 D:3 D:4)
  A ball python (D:1)
  A ball python skeleton (D:3)
  6 frilled lizards (D:1 D:2 D:4)
  A giant cockroach zombie (D:5)
  23 goblins (D:1 D:2 D:3 D:9)
  A jackal skeleton (D:8)
  2 leopard gecko skeletons (D:6 D:9)
  A quokka zombie (D:9)
  8 rats (D:1 D:2)
  A fungus (Lair:6)
969 creatures vanquished.

Vanquished Creatures (collateral kills)
  A jiangshi (Depths:5)
  A skeletal warrior (D:11)
  A spriggan zombie (Depths:2)
  A demonic crawler (Spider:4)
  A hippogriff (D:11)
  A vampire mosquito (D:15)
6 creatures vanquished.

Vanquished Creatures (others)
  A centaur warrior (Depths:1)
  An unseen horror (D:12)
  A yaktaur (Depths:5)
  3 centaurs (Depths:1)
  An orc wizard (Orc:2)
  3 fungi (Lair:3 Lair:5)
  9 plants (Lair:1 Lair:3 Depths:2)
  2 snaplasher vines (D:11 Depths:2)
  4 starspawn tentacles (Depths:3)
25 creatures vanquished.

Grand Total: 1000 creatures vanquished

Table legend:
 A = Turns spent in this place as a percentage of turns spent in the entire game.
 B = Non-inter-level travel turns spent in this place as a percentage of non-inter-level travel turns spent in the entire game.
 C = Inter-level travel turns spent in this place as a percentage of turns spent in this place.
 D = Turns resting spent in this place as a percentage of non-inter-level travel turns spent in this place.
 E = Turns spent auto-exploring this place as a percentage of non-inter-level travel turns spent in this place.
 F = Non-inter-level travel turns spent in this place divided by the number of levels of this place that you've seen.
                   A       B       C       D       E      F
               +-------+-------+-------+-------+-------+----------------------
         Total | 100.0 | 100.0 |   4.2 |  16.0 |  49.9 | 894.7
       Dungeon |  46.1 |  46.1 |   4.1 |   8.2 |  64.2 | 1100.2
        Temple |   0.7 |   0.7 |  11.7 |   0.0 |  97.1 | 241.0
          Lair |  27.0 |  26.4 |   6.6 |  12.1 |  59.6 | 1572.5
        Shoals |   3.3 |   3.4 |   0.0 |  34.0 |   0.0 | 305.8
   Spider Nest |   6.1 |   6.4 |   0.0 |  38.2 |   0.0 | 574.0
  Orcish Mines |   8.9 |   8.9 |   5.1 |  16.3 |  41.8 | 1584.0
        Depths |   7.2 |   7.5 |   0.0 |  53.2 |   0.2 | 534.4
         Abyss |   0.7 |   0.7 |   0.0 |   0.0 |  28.9 |  83.0
               +-------+-------+-------+-------+-------+----------------------

Table legend:
 A = Non-vault XP
 B = Vault XP
 C = Vault XP percentage of total XP
 D = Non-vault monster count
 E = Vault monster count
 F = Vault count percentage of total count
                 A         B        C        D         E       F
            +---------+---------+-------+---------+---------+-------
      Total |  152271 |   79947 |  34.4 |     715 |     264 |  27.0
            +---------+---------+-------+---------+---------+-------
        D:1 |      58 |       0 |   0.0 |      28 |       0 |   0.0
        D:2 |     107 |     103 |  49.0 |      30 |       6 |  16.7
        D:3 |      63 |     288 |  82.1 |      19 |      18 |  48.6
        D:4 |     232 |     202 |  46.5 |      12 |       1 |   7.7
        D:5 |     452 |     293 |  39.3 |      12 |       2 |  14.3
        D:6 |     740 |       0 |   0.0 |      17 |       0 |   0.0
        D:7 |    1426 |       0 |   0.0 |      21 |       0 |   0.0
        D:8 |     902 |    1681 |  65.1 |      21 |       8 |  27.6
        D:9 |    3386 |    1339 |  28.3 |      43 |      19 |  30.6
       D:10 |    3681 |    2316 |  38.6 |      32 |      12 |  27.3
       D:11 |    7656 |    1549 |  16.8 |      49 |       6 |  10.9
       D:12 |    5051 |    7246 |  58.9 |      29 |      18 |  38.3
       D:13 |    7231 |       0 |   0.0 |      35 |       0 |   0.0
       D:14 |    6725 |       0 |   0.0 |      19 |       0 |   0.0
       D:15 |    2623 |    3262 |  55.4 |      19 |       4 |  17.4
     Lair:1 |    5547 |    3913 |  41.4 |      21 |      12 |  36.4
     Lair:2 |    2841 |       0 |   0.0 |      11 |       0 |   0.0
     Lair:3 |    3316 |     595 |  15.2 |      17 |       1 |   5.6
     Lair:4 |    7096 |    2578 |  26.6 |      19 |      13 |  40.6
     Lair:5 |    7124 |    4973 |  41.1 |      28 |      11 |  28.2
     Lair:6 |    3998 |    8743 |  68.6 |      18 |      26 |  59.1
   Shoals:1 |    2447 |       0 |   0.0 |       6 |       0 |   0.0
   Shoals:2 |    2385 |       0 |   0.0 |       6 |       0 |   0.0
   Shoals:3 |    2338 |       0 |   0.0 |       7 |       0 |   0.0
   Spider:1 |    2845 |     565 |  16.6 |       9 |       1 |  10.0
   Spider:2 |    3125 |       0 |   0.0 |       8 |       0 |   0.0
   Spider:3 |    1289 |       0 |   0.0 |       5 |       0 |   0.0
   Spider:4 |   15701 |   18609 |  54.2 |      37 |      31 |  45.6
      Orc:1 |    2431 |    3293 |  57.5 |      25 |       2 |   7.4
      Orc:2 |    2613 |   11898 |  82.0 |      49 |      68 |  58.1
   Depths:1 |   18745 |       0 |   0.0 |      27 |       0 |   0.0
   Depths:2 |    5384 |       0 |   0.0 |      10 |       0 |   0.0
   Depths:3 |    9703 |       0 |   0.0 |       7 |       0 |   0.0
   Depths:4 |    3843 |       0 |   0.0 |       5 |       0 |   0.0
   Depths:5 |    9167 |    6501 |  41.5 |      14 |       5 |  26.3
            +---------+---------+-------+---------+---------+-------
